Map: Ruby Rock LE

Players

marinelover

  • Race: Terran Terran
  • League: Platinum
  • Spawn Location: 5:00

BrandonD - Winner!

  • Race: Protoss Protoss
  • League: Silver
  • Spawn Location: 11:00

VOD

Have the link to the VOD?

Description

Time

  • Played on: April 17, 2026, 9:40 p.m.
  • Length: 12:01
Show
View Real Time Build Order
Export as new Build Order

marinelover Terran 

Build Orders: Reaper Expand 

Get SALT Encoding   

  12  0:00  SCV  
  13  0:12  SCV  
  14  0:18  Supply Depot  
  14  0:25  SCV  
  15  0:39  SCV  
  15  0:40  Barracks  
  16  0:52  SCV  
  16  0:55  Refinery  
  17  1:04  SCV  
  18  1:20  SCV  
  19  1:32  Orbital Command, Command Center  
  19  1:38  Reaper  
  20  1:44  Supply Depot  
  20  1:59  SCV  
  21  2:15  SCV  
  22  2:17  Bunker  
  22  2:18  Barracks Reactor  
  22  2:27  SCV  
  23  2:30  Barracks  
  23  2:41  SCV  
  24  2:53  SCV  
  25  3:03  SCV  
  25  3:04  Marine  
  25  3:05  Marine  
  28  3:14  Factory  
  28  3:17  Refinery  
  28  3:22  Marine  
  28  3:23  Marine  
  30  4:03  SCV x2  
  30  4:06  Factory Tech Lab  
  30  4:07  Barracks Reactor  
  30  4:09  Marine  
  31  4:10  Marine  
  33  4:23  Orbital Command  
  34  4:24  SCV  
  34  4:28  Marine x2  
  36  4:36  SCV  
  34  5:03  SCV x2  
  35  5:13  Marine x2  
  37  5:15  SCV  
  35  5:34  SCV x2  
  37  5:42  Siege Tank  
  40  5:44  Marine x4  
  40  5:49  Barracks, Command Center  
  44  5:50  Barracks  
  44  5:55  Starport  
  44  5:59  Command Center  
  44  6:02  Marine x2  
  46  6:12  Marine x2, SCV x2  
  50  6:19  Siege Tank, Marine  
  50  6:20  Marine  
  50  6:25  SCV x2  
  57  6:30  Marine  
  57  6:32  Marine  
  59  6:37  Marine  
  59  6:48  SCV x2  
  59  6:49  Marine  
  62  7:01  Marine x3, SCV x2  
  67  7:04  Starport, Supply Depot  
  67  7:05  Supply Depot, Barracks Reactor x2  
  67  7:07  Marine  
  68  7:18  Marine x2  
  60  7:40  Siege Tank, Marine x4  
  60  7:41  Marine x3  
  68  8:03  Marine x3  
  68  8:04  Marine x5  
  73  8:07  Orbital Command  
  73  8:09  Orbital Command  
  73  8:12  Siege Tank  
  71  8:21  Marine x3  
  71  8:22  Marine x5  
  71  8:39  Starport Reactor x2, Marine x3  
  71  8:40  Marine  
  75  8:44  Siege Tank, SCV x2  
  75  8:45  SCV x2  
  82  8:56  SCV  
  82  8:57  SCV x3  
  85  9:08  SCV  
  85  9:09  SCV x3  
  89  9:16  Siege Tank  
  85  9:21  SCV x4  
  68  9:48  Siege Tank  
  68  9:52  Liberator x3  
  71  9:53  Liberator  
  71  9:54  Marine  
  71  9:55  Marine x7  
  71  9:56  SCV  
  71  9:57  SCV x3  
  92  10:09  SCV x4  
  92  10:12  Marine  
  92  10:13  Marine x5  
  102  10:14  Refinery  
  102  10:15  Refinery  
  102  10:16  Command Center  
  102  10:17  Refinery, Marine  
  102  10:18  Marine, Refinery  
  102  10:19  Refinery  
  102  10:20  Siege Tank  
  102  10:21  SCV  
  108  10:24  Refinery, Command Center  
  108  10:34  Command Center  
  108  11:21  Marine  
  71  11:45  SCV x6  
  71  11:46  SCV  
Show
View Real Time Build Order
Export as new Build Order

BrandonD Protoss - Winner!

Build Orders:  

Get SALT Encoding   

  12  0:06  Probe  
  13  0:18  Probe  
  14  0:26  Pylon  
  14  0:31  Probe  
  15  0:44  Probe  
  16  0:56  Probe  
  17  1:05  Probe  
  17  1:06  Nexus  
  18  1:13  Probe  
  19  1:22  Probe  
  20  1:34  Probe  
  21  1:42  Probe  
  22  1:50  Nexus  
  22  1:51  Probe  
  22  1:56  Pylon  
  23  2:09  Pylon  
  23  2:14  Probe  
  24  2:21  Probe, Nexus  
  25  2:23  Probe  
  25  2:29  Probe  
  26  2:31  Probe  
  28  2:37  Probe  
  28  2:40  Probe  
  28  2:54  Probe  
  28  2:55  Probe  
  29  2:59  Forge  
  29  3:04  Probe  
  28  3:07  Probe  
  28  3:10  Probe  
  31  3:12  Probe  
  31  3:18  Pylon  
  31  3:19  Probe  
  33  3:21  Probe  
  33  3:22  Probe  
  35  3:27  Pylon  
  35  3:31  Probe  
  35  3:32  Probe  
  36  3:34  Photon Cannon  
  36  3:35  Probe x2  
  36  3:43  Probe  
  36  3:47  Photon Cannon, Probe  
  37  3:55  Probe  
  37  3:57  Probe  
  37  4:02  Photon Cannon  
  38  4:03  Probe  
  38  4:05  Probe  
  38  4:12  Probe  
  38  4:16  Pylon  
  39  4:17  Probe x2  
  39  4:20  Probe  
  39  4:22  Assimilator  
  42  4:25  Assimilator  
  42  4:29  Probe x2  
  44  4:31  Pylon  
  44  4:37  Photon Cannon  
  44  4:39  Photon Cannon  
  44  4:41  Pylon, Probe  
  44  4:44  Probe  
  45  4:56  Photon Cannon, Probe  
  45  4:59  Pylon  
  45  5:05  Gateway  
  42  5:08  Pylon  
  42  5:09  Gateway  
  42  5:12  Probe  
  42  5:13  Gateway  
  41  5:20  Probe  
  42  5:22  Probe, Photon Cannon  
  44  5:30  Probe x2  
  46  5:37  Photon Cannon  
  46  5:42  Assimilator, Probe  
  47  5:43  Pylon  
  47  5:44  Probe  
  47  5:46  Assimilator  
  48  5:52  Probe  
  48  5:54  Probe  
  50  6:00  Probe  
  50  6:06  Forge, Probe x2  
  50  6:08  Probe x2  
  50  6:11  Cybernetics Core  
  54  6:14  Pylon, Probe  
  54  6:17  Probe  
  56  6:18  Probe  
  56  6:20  Photon Cannon, Probe  
  56  6:24  Probe, Pylon  
  59  6:25  Assimilator  
  59  6:29  Gateway, Probe  
  59  6:30  Assimilator  
  59  6:31  Probe, Gateway  
  59  6:32  Probe  
  63  6:43  Probe  
  63  6:44  Stalker x3, Probe  
  68  6:53  Pylon  
  70  6:55  Probe  
  70  6:56  Probe  
  70  6:57  Cybernetics Core  
  70  6:58  Pylon  
  70  6:59  Warp Gate  
  72  7:02  Probe  
  72  7:05  Probe x2  
  72  7:07  Probe  
  75  7:11  Stalker x3  
  75  7:14  Probe x2  
  75  7:15  Gateway  
  83  7:17  Probe  
  83  7:19  Probe  
  83  7:26  Probe  
  83  7:27  Probe  
  83  7:29  Probe  
  84  7:31  Stalker x2  
  82  7:38  Stalker  
  88  7:53  Gateway  
  88  7:58  Gateway  
  88  7:59  Gateway  
  88  8:02  Pylon  
  86  8:10  Stalker x4  
  90  8:34  Probe  
  90  8:37  Pylon  
  90  8:41  Pylon  
  91  8:42  Probe  
  91  8:44  Twilight Council  
  92  8:49  Assimilator  
  92  8:50  Probe  
  92  8:53  Assimilator  
  92  8:54  Probe  
  94  9:01  Probe, Gateway  
  93  9:04  Stalker x4, Gateway  
  93  9:05  Stalker x5  
  93  9:08  Gateway  
  101  9:11  Gateway  
  101  9:13  Probe, Gateway  
  101  9:14  Charge  
  101  9:16  Pylon  
  94  9:18  Photon Cannon  
  94  9:21  Photon Cannon  
  94  9:30  Adept x3  
  94  9:31  Adept x5  
  102  9:32  Adept  
  102  9:50  Pylon  
  102  9:53  Templar Archives  
  102  10:01  Shield Battery  
  102  10:04  Pylon  
  102  10:05  Shield Battery  
  102  10:06  Pylon  
  102  10:07  Pylon  
  102  10:10  Pylon  
  102  10:11  Photon Cannon x2  
  102  10:16  Photon Cannon  
  102  10:17  Gateway  
  102  10:18  Probe  
  102  10:19  Gateway  
  103  10:22  Gateway  
  103  10:25  Robotics Facility  
  103  10:26  Robotics Facility  
  103  10:27  Zealot x4  
  103  10:28  Zealot x3, Robotics Facility  
  115  10:29  Zealot  
  115  10:31  Zealot  
  121  10:37  Gateway  
  121  10:39  Dark Shrine  
  121  10:41  Gateway x2, Photon Cannon  
  121  10:43  Shield Battery  
  121  10:46  Photon Cannon  
  121  10:47  Shield Battery  
  121  10:54  Photon Cannon  
  121  10:57  Photon Cannon  
  121  10:59  Photon Cannon, Probe  
  121  11:00  Probe  
  121  11:02  Photon Cannon  
  115  11:11  Probe  
  115  11:12  Probe  
  115  11:17  Zealot x3  
  115  11:18  Zealot  
  116  11:23  Probe  
  116  11:24  Probe  
  110  11:30  Stalker x3  
  110  11:31  Stalker x2  
  110  11:32  Stalker x3  
  124  11:40  Gateway  
  121  11:47  Stalker x3  
  121  11:48  Stalker x2  
Tags
 
Add a new tag
Caveats
  • Supply blocks, unpowered buildings, or Contaminate may cause inaccurate times.
  • Supply counts are checked every 10 seconds.